 Dungeon Crawl Stone Soup version 0.28.0-45-g0d030f2227 (webtiles) character file.

Game seed: 13662135516466882664

287 sizableburger the Skirmisher (level 6, 0/62 HPs)
             Began as an Ogre Arcane Marksman on Apr 6, 2022.
             Was an Initiate of Makhleb.
             Slain by a gnoll sergeant
             ... wielding a +2 spear of venom
              (5 damage)
             ... on level 3 of the Dungeon.
             The game lasted 00:10:12 (5357 turns).

sizableburger the Skirmisher (Ogre Arcane Marksman) Turns: 5357, Time: 00:10:13

Health: 0/62       AC:  4    Str: 15    XL:     6   Next: 30%
Magic:  7/8        EV:  9    Int: 16    God:    Makhleb [......]
Gold:   125        SH:  0    Dex:  9    Spells: 1/8 levels left

rFire   . . .      SeeInvis .   h - +0 flail
rCold   . . .      Faith    .   (no shield)
rNeg    . . .      Spirit   .   a - +0 robe
rPois   .          Reflect  .   (helmet restricted)
rElec   .          Harm     .   l - +0 cloak
rCorr   .          Rampage  .   (gloves unavailable)
Will    .....                   (boots unavailable)
Stlth   +.........              (no amulet)
HPRegen 0.20/turn               (no ring)
MPRegen 0.11/turn               (no ring)

@: lethally poisoned (0 -> -11)
A: large, unfitting armour, tough skin 1
a: Renounce Religion


You were on level 3 of the Dungeon.
You worshipped Makhleb.
Makhleb was noncommittal.
You visited 1 branch of the dungeon, and saw 4 of its levels.

You collected 125 gold pieces.

Inventory:

Hand Weapons
 f - a +0 dagger
 h - a +0 flail (weapon)
Missiles
 b - 2 large rocks (quivered)
 c - 2 throwing nets
 o - 5 poisoned darts
 s - 3 boomerangs
Armour
 a - a +0 robe (worn)
 l - a +0 cloak (worn)
Jewellery
 k - a +4 ring of slaying
Scrolls
 i - a scroll of teleportation
 m - a scroll of identify {unknown}
 n - a scroll of enchant armour {unknown}
Potions
 d - a potion of curing
 e - a potion of cancellation {unknown}
 g - a potion of brilliance {unknown}
 j - a potion of invisibility {unknown}
 p - a potion of heal wounds {unknown}
 q - a potion of lignification {unknown}
 r - 2 potions of flight {unknown}


   Skills:
 - Level 4.2 Fighting
 + Level 2.8 Maces & Flails
 + Level 3.4 Throwing
 - Level 1.8 Dodging
 + Level 1.9 Spellcasting
 - Level 3.4 Hexes


You had one spell level left.
You knew the following spells:

 Your Spells              Type           Power      Damage    Failure   Level
a - Slow                  Hex            48%        N/A       4%          1
b - Portal Projectile     Hex/Tloc       14%        N/A       30%         3
c - Inner Flame           Hex/Fire       7%         N/A       30%         3

Your spell library contained the following spells:

 Spells                   Type           Power      Damage    Failure   Level
 Cause Fear               Hex            6%         N/A       45%         4
 Gell's Gravitas          Tloc           1%         N/A       54%         3
 Lesser Beckoning         Tloc           1%         N/A       54%         3
 Teleport Other           Tloc           1%         N/A       54%         3
 Olgreb's Toxic Radiance  Pois           1%         N/A       91%         4
 Ozocubu's Refrigeration  Ice            0%         4d5       100%        7
 Ignition                 Fire           0%         3d3       100%        8


Dungeon Overview and Level Annotations

Branches:
Dungeon (4/15)
 Temple: D:4-7

Altars:
Makhleb
Xom
The Shining One


Innate Abilities, Weirdness & Mutations

You are too large for most types of armour.
You have tough skin. (AC +1)


Message History

There is a stone staircase leading up, spattered with blood here.
Casting: Slow (safe; 4% risk of failure)
Confirm with . or Enter, or press ? or * to list all spells.
Aiming: Slow (safe; 4% risk of failure)
Press: ? - help, Shift-Dir - straight line, f/p - gnoll sergeant
Aim: a gnoll sergeant, wielding a +2 spear of venom and wearing a +0 scale mail (chance to affect: 50%)
The gnoll sergeant seems to slow down.
You feel sick.
You are no longer poisoned.
Unknown command.
Throw: 4 large rocks
Press: ? - help, Q - select action, (/) - cycle Shift-Dir - straight line, f/p - gnoll sergeant
Aim: a gnoll sergeant, wielding a +2 spear of venom and wearing a +0 scale mail (slow, 65% to hit)
Okay, then.
Casting: Slow (safe; 4% risk of failure)
Confirm with . or Enter, or press ? or * to list all spells.
Aiming: Inner Flame (dangerous; 30% risk of failure)
Press: ? - help, Dir - move target, f/p - gnoll sergeant
Aim: a gnoll sergeant, wielding a +2 spear of venom and wearing a +0 scale mail (slow, chance to affect: 53%)
Okay, then.
Unknown command.
Throw: 4 large rocks
Press: ? - help, Q - select action, (/) - cycle Shift-Dir - straight line, f/p - gnoll sergeant
Aim: a gnoll sergeant, wielding a +2 spear of venom and wearing a +0 scale mail (slow, 65% to hit)
You throw a large rock. The large rock hits the gnoll sergeant!
The gnoll sergeant is heavily wounded.
You hear a shout!
The gnoll sergeant hits you from afar with a +2 spear of venom!
You are poisoned.
Throw: 3 large rocks
Press: ? - help, Q - select action, (/) - cycle Shift-Dir - straight line, f/p - gnoll sergeant
Aim: a gnoll sergeant, wielding a +2 spear of venom and wearing a +0 scale mail (heavily wounded, slow, 65% to hit)
You throw a large rock.
The large rock closely misses the gnoll sergeant.
* * * LOW HITPOINT WARNING * * *
You feel extremely sick.
You hear a shout!
The gnoll sergeant hits you from afar with a +2 spear of venom!
* * * LOW HITPOINT WARNING * * *
The gnoll sergeant hits you from afar with a +2 spear of venom.
You die...

# ##########.## ###
#...........# #...#
#...........###### ....#
#...........##...#
....########............#...#
#.....................#.....#
....########..........###...##
....# #..........###....#
....# #....@)...........# .#
#..).).....#####..#
.#############g##..#####....##
....##.....###....######.####
.....#.....g.g..#.##.....#
.......g...#.........#####
..........)..#.##..###
............#..###.##
.......[........##..#######


You could see a gnoll sergeant (slow) and a gnoll.

Vanquished Creatures
  A crimson imp (D:3)
  3 orc priests
  4 gnolls
  3 adders
  2 worms (D:3)
  A dart slug (D:1)
  11 orcs
  2 endoplasms (D:2)
  7 giant cockroaches
  5 goblins
  8 hobgoblins
  5 quokkas
  9 ball pythons
  4 bats
  2 frilled lizards (D:1)
  8 kobolds
  7 rats
82 creatures vanquished.

Vanquished Creatures (others)
  A plant (D:2)
1 creature vanquished.

Grand Total: 83 creatures vanquished

Notes
Turn   | Place    | Note
-------+----------+-------------------------------------------
     0 | D:1      | sizableburger the Ogre Arcane Marksman began the quest for
                  | the Orb.
     0 | D:1      | Reached XP level 1. HP: 19/19 MP: 2/2
   403 | D:1      | Reached skill level 2 in Fighting
   403 | D:1      | Reached XP level 2. HP: 9/28 MP: 3/3
  1443 | D:1      | Found a faded altar of an unknown god.
  1444 | D:1      | Noticed a floating eye
  1446 | D:1      | Noticed a shining eye
  1452 | D:1      | Noticed a floating eye
  1452 | D:1      | Noticed an eye of devastation
  1586 | D:1      | Reached XP level 3. HP: 33/36 MP: 4/4
  2144 | D:2      | Reached skill level 1 in Maces & Flails
  2289 | D:2      | Reached skill level 3 in Fighting
  2434 | D:2      | Learned a level 3 spell: Portal Projectile
  2688 | D:2      | Reached XP level 4. HP: 37/45 MP: 5/5
  3202 | D:2      | Found a glowing golden altar of the Shining One.
  3297 | D:3      | Noticed a gnoll sergeant
  3559 | D:3      | Reached XP level 5. HP: 24/54 MP: 6/6
  4034 | D:3      | Found a shimmering altar of Xom.
  4035 | D:3      | Found a burning altar of Makhleb.
  4074 | D:3      | Reached skill level 4 in Fighting
  4739 | D:3      | Reached XP level 6. HP: 54/62 MP: 3/8
  5020 | D:2      | Learned a level 3 spell: Inner Flame
  5318 | D:3      | Became a worshipper of Makhleb the Destroyer
  5357 | D:3      | Slain by a gnoll sergeant

Illustrated notes

Levels and vault maps discovered:
D:1:      dpeg_arrival_rhombi, layout_loops_corners,
          hellmonk_ecumenical_altar_watching_god, minmay_cut_off
D:2:      layout_loops_cross, basic_altar, glass_columns_a, serial_bayou_pond_e,
          minmay_misc_feat_x
D:3:      layout_rooms, grunt_temple_overflow_champion_of_chaos,
          nicolae_wormholes
D:4:      layout_rooms, lemuel_round_altar, uniq_natasha, uniq_pargi,
          uniq_blork_the_orc

Skill      XL: |  1  2  3  4  5 |
---------------+----------------+-----
Fighting       | 2 3 4 |  4.2
Maces & Flails | 1 2 |  2.8
Throwing       | 3 |  3.4
Hexes          | 3 |  3.4
Dodging        | |  1.8
Spellcasting   | |  1.9

Action                   |  1- 3 |  4- 6 || total
-------------------------+-------+-------++-------
Melee: Dagger            |   125 |     9 ||   134
       Unarmed           |     7 |       ||     7
       Flail             |    41 |   160 ||   201
       Punch             |       |     3 ||     3
Throw: Large rock        |     7 |     7 ||    14
 Cast: Slow              |     5 |    30 ||    35
  Use: Scroll            |       |     1 ||     1
       Potion            |       |     1 ||     1
 Stab: Sleeping          |     1 |       ||     1
Armor: Robe              |    44 |    70 ||   114
Dodge: Dodged            |    70 |    87 ||   157
